AoeStats
← Malelf

Arabia

506434490Analyzed
1v1 RM · 19d ago on Sep 13, 2026· 34m 36s· 2 players
Game mode
Random Map
Map size
Tiny (2 player)
Population
200
Speed
Normal
Resources
Standard
Victory
Conquest
Starting age
Dark Age
Ending age
Imperial Age
RankedLock teamsTeams togetherTeam positionsShared explorationLock speedFull tech treeHidden civsTurbo modeCheats
Victory
Defeat
🇮🇹 Portuguese · Italy
1686
+11
🇭🇰 Tatars · Hong Kong SAR China
1581
-11
农民快跑
6:19 Loom
8:50 Feudal Age
9:20 Town Watch
9:39 Double-Bit Axe
12:48 Scale Mail Armor
19:57 Castle Age
18:22 Gold Mining
18:57 Fletching
20:00 Forging
20:45 Bloodlines
21:12 Horse Collar
22:00 Bow Saw
22:45 Light Cavalry
24:29 Stone Mining
25:40 Wheelbarrow
33:34 Guard Tower
34:06 Husbandry
Malelf
5:59 Loom
8:44 Feudal Age
9:30 Double-Bit Axe
10:09 Horse Collar
18:58 Castle Age
17:28 Gold Mining
19:59 Bow Saw
21:03 Stone Mining
21:51 Wheelbarrow
23:45 Redemption
24:58 Sanctity
28:42 Fervor
28:42 Fletching
34:08 Imperial Age
32:46 Bodkin Arrow
33:12 Ballistics
35:14 Block Printing
35:17 Hand Cart
35:39 Theocracy
35:10 Bracer
Connection lost

Rejoining the realm…

Still unreachable

The connection could not be restored.

Session expired

The server has moved on; the page needs a fresh start.